 Dungeon Crawl Stone Soup version 0.29-a0-551-gffc1d7fb78 (webtiles) character file.

Game seed: 1299950683301887499

10 Spectrina the Sneak (level 2, -7/18 HPs)
             Began as a Vampire Delver on June 5, 2022.
             Mangled by a wraith (11 damage)
             ... on level 6 of the Dungeon.
             The game lasted 00:00:54 (94 turns).

Spectrina the Sneak (Vampire Delver)                  Turns: 94, Time: 00:00:55

Health: -7/18      AC:  3    Str: 11    XL:     2   Next: 10%
Magic:  0/2        EV: 12    Int: 12    God:
Gold:   28         SH:  0    Dex: 15    Spells: 1/1 levels left

rFire   . . .      SeeInvis +   a - +0 short sword
rCold   + + .      Faith    .   (no shield)
rNeg    + + +      Spirit   +   b - +0 leather armour
rPois   ∞          Reflect  .   (no helmet)
rElec   .          Harm     .   (no cloak)
rCorr   .          Rampage  .   (no gloves)
Will    .....                   (no boots)
Stlth   +++++.....              i - amulet of guardian spirit
HPRegen 0.00/turn               (no ring)
MPRegen 0.08/turn               (no ring)

@: bloodless, inhibited regen, slowed, very slow
A: bloodless, fangs 3, see invisible, vampiric 1
a: Revivify


You were on level 6 of the Dungeon.
You visited 1 branch of the dungeon, and saw 2 of its levels.

You collected 28 gold pieces.

Inventory:

Hand Weapons
 a - a +0 short sword (weapon)
 h - a +0 trident
Armour
 b - a +0 leather armour (worn)
Jewellery
 i - an amulet of guardian spirit (around neck)
Wands
 g - a wand of digging (3)
Scrolls
 c - a scroll of fog
 d - a scroll of magic mapping
 e - a scroll of fear
Potions
 f - a potion of haste


   Skills:
 - Level 2.6 Fighting
 + Level 2.7 Short Blades
 - Level 2.1 Dodging
 + Level 7.6 Stealth


You had one spell level left.
You didn't know any spells.
Your spell library was empty.

Dungeon Overview and Level Annotations

Branches:
Dungeon (6/15)
 Temple: D:4-7

Altars:


Innate Abilities, Weirdness & Mutations

You do not regenerate when monsters are visible.
You are frail without blood (-20% HP).
You can heal yourself when you bite living creatures.
You are immune to poison.
You have razor-sharp teeth.
You have supernaturally acute eyesight. (SInv)
You are afflicted with vampirism.


Message History

You hear the sound of rushing water.
There is an entrance to a sewer on this level.
Hurry and find it before the portal rusts away!
You hear the slow rusting of a drain nearby.
There is a stone staircase leading up here.
Unknown command.
Unknown command.
You now have 28 gold pieces (gained 14).
Unknown command.
A wraith comes into view.
The helpless wraith fails to defend itself.
You impale the wraith!!
The wraith is severely damaged.
The wraith hits you. The wraith drains your vigour!
You feel yourself slow down.
Unknown command.
You hit the wraith but do no damage.
The wraith is severely damaged.
The wraith barely misses you.
You hit the wraith but do no damage.
The wraith is severely damaged.
The wraith hits you but does no damage. x2
You hit the wraith but do no damage. You bite the wraith.
The wraith is severely damaged.
The wraith hits you but does no damage.
You hit the wraith but do no damage.
The wraith is severely damaged.
The wraith hits you!
Ouch! That really hurt!
The wraith hits you.
* * * LOW HITPOINT WARNING * * *
The wraith drains your vigour!
You feel as though you will be slow longer.
You closely miss the wraith.
The wraith is severely damaged.
The wraith barely misses you.
You closely miss the wraith. Your bite misses the wraith.
The wraith is severely damaged.
The wraith barely misses you. The wraith hits you!
Ouch! That really hurt!
You die...

..........#............
..........###.#..###<..
.......................
.......................
.......................
.#####.###########.##.
###..# #.# . #....# #.#
. #..@.# #. . #..W..#
#....## #....# #..###
#.# #. #.


You could see a wraith.

Vanquished Creatures
  A gnoll (D:5)
1 creature vanquished.

Notes
Turn   | Place    | Note
-------+----------+-------------------------------------------
     0 | D:5      | Spectrina the Vampire Delver began the quest for the Orb.
     0 | D:5      | Reached XP level 1. HP: 17/17 MP: 1/1
    35 | D:5      | Reached XP level 2. HP: 18/18 MP: 2/2
    83 | D:6      | Noticed a wraith
    94 | D:6      | Mangled by a wraith

Illustrated notes

Levels and vault maps discovered:
D:5:      wad_river_or_something, layout_cave_pools,
          minmay_temple_entry_mini_moons, serial_gnoll_camp,
          gnoll_camp_huts_moat, grums_kennel, gnoll_camp_mini_hut,
          gnoll_camp_mini_doghouse, gnoll_camp_mini_basic, serial_bayou_ford_a
D:6:      minmay_opposing_rooms, layout_rooms, lightli_sewer_entry_pipes,
          lemuel_flame_loot_1

Action                   || total
-------------------------++-------
Melee: Short sword       ||     8
       Bite              ||     1
 Abil: Exsanguinate      ||     1
 Stab: Sleeping          ||     2
Armor: Leather armour    ||     3
Dodge: Dodged            ||     3

Table legend: (Time is in decaauts)
 A = Elapsed time spent in this place.
 B = Non-inter-level travel time spent in this place.
 C = Inter-level travel time spent in this place.
 D = Time resting spent in this place.
 E = Time spent auto-exploring this place.
 F = Levels seen in this place.
 G = Mean time per level.
                   A        B        C        D        E       F      G
               +--------+--------+--------+--------+--------+-----+--------+
         Total |     96 |     96 |      0 |      0 |      0 |   2 |   48.0 |
       Dungeon |     96 |     96 |      0 |      0 |      0 |   2 |   48.0 |
               +--------+--------+--------+--------+--------+-----+--------+

Top non-repeatable levels by time:
     D:5: 59 daAuts
     D:6: 36 daAuts
